MLB
BOSTON RED SOX @ TEXAS RANGERS
09/24/2019
 
TOP OF THE 1ST
Boston Red Sox batting - Pitching for Texas Rangers : RHP Matt Shoemaker
Pitching: RHP Matt Shoemaker
Batting: RHB Victor Robles 0-0: SINGLE (Line Drive, 4MD, EV 94.4 MPH)
Batting: RHB Eduardo Nunez 0-0: Ball
1-0: Ball
Victor Robles steals 2nd, throwing error, E2
Victor Robles to third
2-0: Ball
3-0: Ground out U3 (Groundball, 34, EV 83.8 MPH)
Victor Robles scores
Batting: SHB Yangervis Solarte 0-0: SOLO HOME RUN (Flyball, 89XD, EV 108.8 MPH), Distance : 392 ft
Batting: LHB Greg Bird 0-0: Called Strike
0-1: Ball
1-1: Called Strike
1-2: Ball
2-2: Ground out 5-3 (Groundball, 56, EV 108.8 MPH)
Batting: RHB Pablo Reyes 0-0: Ball
1-0: Called Strike
1-1: Fly out, F4 (Line Drive, 4, EV 70.0 MPH)
Top of the 1st over - 2 runs, 2 hits, 1 error, 0 left on base; Boston 2 - Texas 0
BOTTOM OF THE 1ST
Texas Rangers batting - Pitching for Boston Red Sox : LHP Mike Kickham
Pitching: LHP Mike Kickham
Batting: LHB Ender Inciarte 0-0: Called Strike
0-1: Ball
1-1: Ball
2-1: Ground out 5-3 (Groundball, 56, EV 84.4 MPH)
Batting: SHB Cesar Hernandez 0-0: Called Strike
0-1: Swinging Strike
0-2: Strikes out swinging
Batting: LHB Bryce Harper 0-0: Called Strike
0-1: Ball
1-1: Fly out, F8 (Line Drive, 8RD, EV 105.6 MPH)
Bottom of the 1st over - 0 runs, 0 hits, 0 errors, 0 left on base; Boston 2 - Texas 0
TOP OF THE 2ND
Boston Red Sox batting - Pitching for Texas Rangers : RHP Matt Shoemaker
Batting: LHB J.P. Crawford 0-0: Called Strike
0-1: Ground out U3 (Groundball, 3S, EV 88.1 MPH)
Batting: RHB Jonathan Lucroy 0-0: Ball
1-0: Swinging Strike
1-1: Ball
2-1: Ball
3-1: Base on Balls
Batting: LHB Jacoby Ellsbury 0-0: Ground out 5-3 (Groundball, 5, EV 83.1 MPH)
Jonathan Lucroy to second
Batting: RHB Ronald Torreyes 0-0: Called Strike
0-1: Fly out, F9 (Flyball, 9, EV 87.5 MPH)
Top of the 2nd over - 0 runs, 0 hits, 0 errors, 1 left on base; Boston 2 - Texas 0
BOTTOM OF THE 2ND
Texas Rangers batting - Pitching for Boston Red Sox : LHP Mike Kickham
Batting: RHB Andrelton Simmons 0-0: Ground out 5-3 (Groundball, 56, EV 85.0 MPH)
Batting: RHB Jose Osuna 0-0: Ball
1-0: Foul Ball, location: 2F
1-1: Ball
2-1: DOUBLE (Flyball, 89XD, EV 98.8 MPH)
Batting: LHB Joc Pederson 0-0: Ball
Wild Pitch!
Jose Osuna to third
1-0: Called Strike
1-1: Swinging Strike
1-2: Foul Ball, location: 2F
1-2: Ball
2-2: Ball
3-2: Strikes out swinging
Batting: LHB Eric Thames 0-0: Foul Ball, location: 2F
0-1: Ball
1-1: SINGLE (Groundball, 4MD, EV 95.0 MPH)
Jose Osuna scores
Batting: RHB Max Stassi 0-0: Ball
1-0: Swinging Strike
1-1: Ball
2-1: Ball
3-1: Base on Balls
Eric Thames to second
Batting: SHB Jeimer Candelario 0-0: Ball
1-0: Ball
2-0: Called Strike
2-1: Ball
3-1: SINGLE (Line Drive, 4D, EV 105.0 MPH)
Eric Thames to third
Max Stassi to second
Batting: LHB Ender Inciarte 0-0: Foul Ball, location: 2F
0-1: Called Strike
0-2: Ball
1-2: Strikes out swinging
Bottom of the 2nd over - 1 run, 3 hits, 0 errors, 3 left on base; Boston 2 - Texas 1
TOP OF THE 3RD
Boston Red Sox batting - Pitching for Texas Rangers : RHP Matt Shoemaker
Batting: RHB Victor Robles 0-0: Ball
1-0: Ball
2-0: Called Strike
2-1: Ball
3-1: Foul Ball, location: 2F
3-2: Base on Balls
Batting: RHB Eduardo Nunez 0-0: Ball
Victor Robles steals 2nd base
1-0: Called Strike
1-1: Ball
2-1: Foul Ball, location: 2F
2-2: Strikes out looking
Batting: SHB Yangervis Solarte 0-0: Ball
1-0: SINGLE (Flyball, 78S, EV 91.9 MPH)
Victor Robles to third
Batting: LHB Greg Bird 0-0: Called Strike
0-1: Ball
1-1: Ball
Yangervis Solarte steals 2nd base
2-1: Called Strike
2-2: Ground out 6-3 (Groundball, 6M, EV 80.6 MPH)
Victor Robles scores
Yangervis Solarte to third
Batting: RHB Pablo Reyes 0-0: Ball
1-0: Ball
2-0: Called Strike
2-1: Ball
3-1: Called Strike
3-2: SINGLE (Groundball, 3D, EV 103.1 MPH)
Yangervis Solarte scores
Batting: LHB J.P. Crawford 0-0: Fielders Choice at 2nd, 5-4 (Groundball, 56, EV 91.9 MPH)
Top of the 3rd over - 2 runs, 2 hits, 0 errors, 1 left on base; Boston 4 - Texas 1
BOTTOM OF THE 3RD
Texas Rangers batting - Pitching for Boston Red Sox : LHP Mike Kickham
Batting: SHB Cesar Hernandez 0-0: Bunt for hit to 3S - play at first, batter safe!
Batting: LHB Bryce Harper 0-0: Called Strike
0-1: Foul Ball, location: 2F
0-2: Ball
1-2: Fly out, F5 (Popup, 5DF, EV 45.6 MPH)
Batting: RHB Andrelton Simmons 0-0: Ball
1-0: Ball
2-0: Foul Ball, location: 2F
2-1: Fielders Choice at 2nd, 5-4 (Groundball, 56, EV 82.5 MPH)
Batting: RHB Jose Osuna 0-0: Foul Ball, location: 2F
0-1: Foul Ball, location: 2F
0-2: Ball
Wild Pitch!
Andrelton Simmons to second
1-2: Ball
2-2: Ball
3-2: Base on Balls
Batting: LHB Joc Pederson 0-0: Fly out, F9 (Flyball, 9, EV 81.3 MPH)
Bottom of the 3rd over - 0 runs, 1 hit, 0 errors, 2 left on base; Boston 4 - Texas 1
TOP OF THE 4TH
Boston Red Sox batting - Pitching for Texas Rangers : RHP Matt Shoemaker
Batting: RHB Jonathan Lucroy 0-0: Ball
1-0: Ball
2-0: Swinging Strike
2-1: SINGLE (Line Drive, 9S, EV 92.5 MPH)
Batting: LHB Jacoby Ellsbury 0-0: Ball
1-0: Foul Ball, location: 2F
1-1: Ball
2-1: Fielders Choice at 2nd, 6-4 (Groundball, 6, EV 103.8 MPH)
Batting: RHB Ronald Torreyes 0-0: Foul Ball, location: 2F
0-1: Called Strike
0-2: Strikes out swinging
Batting: RHB Victor Robles 0-0: Called Strike
0-1: Ball
1-1: Ball
2-1: Foul Ball, location: 2F
2-2: Ball
3-2: Strikes out swinging
Top of the 4th over - 0 runs, 1 hit, 0 errors, 1 left on base; Boston 4 - Texas 1
BOTTOM OF THE 4TH
Texas Rangers batting - Pitching for Boston Red Sox : LHP Mike Kickham
Batting: LHB Eric Thames 0-0: Foul Ball, location: 2F
0-1: Ball
1-1: Foul Ball, location: 2F
1-2: Strikes out swinging
Batting: RHB Max Stassi 0-0: Ball
1-0: Called Strike
1-1: Ball
2-1: Ground out 6-3 (Groundball, 6, EV 89.4 MPH)
Batting: SHB Jeimer Candelario 0-0: SINGLE (Line Drive, 56D, EV 105.0 MPH)
Batting: LHB Ender Inciarte 0-0: Ball
1-0: Ball
2-0: Called Strike
2-1: Ground out 5-3 (Groundball, 56S, EV 70.0 MPH)
Bottom of the 4th over - 0 runs, 1 hit, 0 errors, 1 left on base; Boston 4 - Texas 1
TOP OF THE 5TH
Boston Red Sox batting - Pitching for Texas Rangers : RHP Matt Shoemaker
Batting: RHB Eduardo Nunez 0-0: Ball
1-0: Ball
2-0: Called Strike
2-1: Ground out 6-3 (Groundball, 6, EV 81.3 MPH)
Batting: SHB Yangervis Solarte 0-0: Ground out 3-1 (Groundball, 34S, EV 89.4 MPH)
Batting: LHB Greg Bird 0-0: Ball
1-0: Ball
2-0: Called Strike
2-1: Swinging Strike
2-2: Ground out U3 (Groundball, 34, EV 108.1 MPH)
Top of the 5th over - 0 runs, 0 hits, 0 errors, 0 left on base; Boston 4 - Texas 1
BOTTOM OF THE 5TH
Texas Rangers batting - Pitching for Boston Red Sox : LHP Mike Kickham
Batting: SHB Cesar Hernandez 0-0: Ball
1-0: Ball
2-0: Ground out 6-3 (Groundball, 6, EV 81.9 MPH)
Batting: LHB Bryce Harper 0-0: Ball
1-0: Called Strike
1-1: Foul Ball, location: 2F
1-2: Ball
2-2: Foul Ball, location: 2F
2-2: Ball
3-2: Foul Ball, location: 2F
3-2: Fly out, F9 (Flyball, 9D, EV 88.8 MPH)
Batting: RHB Andrelton Simmons 0-0: Ball
1-0: Ground out 6-3 (Groundball, 6, EV 102.5 MPH)
Bottom of the 5th over - 0 runs, 0 hits, 0 errors, 0 left on base; Boston 4 - Texas 1
TOP OF THE 6TH
Boston Red Sox batting - Pitching for Texas Rangers : RHP Matt Shoemaker
Batting: RHB Pablo Reyes 0-0: Ground out 6-3 (Groundball, 6M, EV 76.9 MPH)
Batting: LHB J.P. Crawford 0-0: Called Strike
0-1: Foul Ball, location: 2F
0-2: Ball
1-2: Ball
2-2: Fly out, F4 (Line Drive, 4, EV 65.6 MPH)
Batting: RHB Jonathan Lucroy 0-0: Ball
1-0: Called Strike
1-1: Called Strike
1-2: Foul Ball, location: 2F
1-2: Ball
2-2: Strikes out swinging, 2-3 out at first.
Top of the 6th over - 0 runs, 0 hits, 0 errors, 0 left on base; Boston 4 - Texas 1
BOTTOM OF THE 6TH
Texas Rangers batting - Pitching for Boston Red Sox : LHP Mike Kickham
Pitching: RHP Colton Murray
Batting: RHB Jose Osuna 0-0: Called Strike
0-1: Ball
1-1: Swinging Strike
1-2: Strikes out looking
Batting: LHB Joc Pederson 0-0: Ball
1-0: Foul Ball, location: 2F
1-1: Ground out U3 (Groundball, 3L, EV 85.6 MPH)
Batting: LHB Eric Thames 0-0: Foul Ball, location: 2F
0-1: Foul Ball, location: 2F
0-2: Ground out 1-3 (Groundball, 34S, EV 81.3 MPH)
Bottom of the 6th over - 0 runs, 0 hits, 0 errors, 0 left on base; Boston 4 - Texas 1
TOP OF THE 7TH
Boston Red Sox batting - Pitching for Texas Rangers : RHP Matt Shoemaker
Pitching: RHP Nick Goody
Batting: LHB Jacoby Ellsbury 0-0: Called Strike
0-1: Ball
1-1: Ball
2-1: Ball
3-1: Ground out 1-3 (Groundball, 13S, EV 68.1 MPH)
Batting: RHB Ronald Torreyes 0-0: Called Strike
0-1: Swinging Strike
0-2: Strikes out swinging
Batting: RHB Victor Robles 0-0: Called Strike
0-1: Swinging Strike
0-2: Ball
1-2: Foul Ball, location: 2F
1-2: Ball
2-2: Strikes out swinging
Top of the 7th over - 0 runs, 0 hits, 0 errors, 0 left on base; Boston 4 - Texas 1
BOTTOM OF THE 7TH
Texas Rangers batting - Pitching for Boston Red Sox : RHP Colton Murray
Pitching: RHP Jason Hammel
Batting: RHB Max Stassi 0-0: Called Strike
0-1: Foul Ball, location: 2F
0-2: Ball
1-2: Ball
2-2: Strikes out looking
Batting: SHB Jeimer Candelario 0-0: Swinging Strike
0-1: Foul Ball, location: 2F
0-2: SOLO HOME RUN (Line Drive, 89XD, EV 97.5 MPH), Distance : 411 ft
Batting: LHB Ender Inciarte 0-0: Called Strike
0-1: Ball
1-1: Fly out, F7 (Flyball, 7D, EV 92.5 MPH)
Batting: SHB Cesar Hernandez 0-0: Called Strike
0-1: Ball
1-1: Foul Ball, location: 2F
1-2: Ground out 6-3 (Groundball, 6M, EV 86.9 MPH)
Bottom of the 7th over - 1 run, 1 hit, 0 errors, 0 left on base; Boston 4 - Texas 2
TOP OF THE 8TH
Boston Red Sox batting - Pitching for Texas Rangers : RHP Nick Goody
Pitching: LHP Jake Diekman
Batting: RHB Eduardo Nunez 0-0: Called Strike
0-1: Foul Ball, location: 2F
0-2: Strikes out swinging
Batting: SHB Yangervis Solarte 0-0: Ball
1-0: Ball
2-0: Called Strike
2-1: Foul Ball, location: 2F
2-2: SINGLE (Groundball, 4MD, EV 101.9 MPH)
Batting: LHB Greg Bird 0-0: Called Strike
0-1: Foul Ball, location: 2F
0-2: Ball
1-2: Strikes out swinging
Batting: RHB Pablo Reyes 0-0: Ball
1-0: Foul Ball, location: 2F
1-1: Foul Ball, location: 2F
1-2: Ball
2-2: Foul Ball, location: 2F
2-2: Ball
3-2: Foul Ball, location: 2F
3-2: Foul Ball, location: 2F
3-2: Base on Balls
Yangervis Solarte to second
Batting: LHB J.P. Crawford 0-0: Fly out, F7 (Flyball, 78M, EV 83.1 MPH)
Top of the 8th over - 0 runs, 1 hit, 0 errors, 2 left on base; Boston 4 - Texas 2
BOTTOM OF THE 8TH
Texas Rangers batting - Pitching for Boston Red Sox : RHP Jason Hammel
Pitching: RHP Tyson Ross
Batting: LHB Bryce Harper 0-0: Called Strike
0-1: Called Strike
0-2: Foul Ball, location: 2F
0-2: Foul Ball, location: 2F
0-2: Strikes out looking
Batting: RHB Andrelton Simmons 0-0: Called Strike
0-1: Ground out 6-3 (Groundball, 6, EV 97.5 MPH)
Batting: RHB Jose Osuna 0-0: Called Strike
0-1: Hit by Pitch
Batting: LHB Joc Pederson 0-0: Called Strike
0-1: Ball
1-1: Called Strike
1-2: Strikes out swinging
Bottom of the 8th over - 0 runs, 0 hits, 0 errors, 1 left on base; Boston 4 - Texas 2
TOP OF THE 9TH
Boston Red Sox batting - Pitching for Texas Rangers : LHP Jake Diekman
Pitching: RHP Reyes Moronta
Batting: RHB Jonathan Lucroy 0-0: Foul Ball, location: 2F
0-1: Ball
1-1: Ground out 5-3 (Groundball, 56S, EV 79.4 MPH)
Batting: LHB Jacoby Ellsbury 0-0: DOUBLE (Line Drive, 9LM, EV 115.6 MPH)
Batting: RHB Ronald Torreyes 0-0: Ground out 6-3 (Groundball, 56, EV 111.3 MPH)
Batting: RHB Victor Robles 0-0: Foul Ball, location: 2F
0-1: Called Strike
0-2: Foul Ball, location: 2F
0-2: Ground out U3 (Groundball, 34S, EV 65.6 MPH)
Top of the 9th over - 0 runs, 1 hit, 0 errors, 1 left on base; Boston 4 - Texas 2
BOTTOM OF THE 9TH
Texas Rangers batting - Pitching for Boston Red Sox : RHP Tyson Ross
Batting: LHB Eric Thames 0-0: Ball
1-0: Called Strike
1-1: Swinging Strike
1-2: Ground out 6-3 (Groundball, 4, EV 90.6 MPH)
Batting: RHB Max Stassi 0-0: Swinging Strike
0-1: Foul Ball, location: 2F
0-2: Ball
1-2: Ball
2-2: Strikes out swinging
Batting: SHB Jeimer Candelario 0-0: Called Strike
0-1: Called Strike
0-2: Strikes out swinging
Bottom of the 9th over - 0 runs, 0 hits, 0 errors, 0 left on base; Boston 4 - Texas 2
Thursday, January 2nd, 2020 - OOTP Baseball 20.8 Build 73